AoeStats
← feso

Arabia

508550985Analyzed
2v2 RM · 10d ago on Sep 23, 2026· 34m 3s· 4 players
Game mode
Random Map
Map size
Medium (4 player)
Population
200
Speed
Normal
Resources
Standard
Victory
Conquest
Starting age
Dark Age
Ending age
Imperial Age
RankedLock teamsTeams togetherTeam positionsShared explorationLock speedFull tech treeHidden civsTurbo modeCheats
Victory
Defeat
🇦🇷 Gurjaras · Argentina
583
+20
🇺🇸 Malay · United States
507
+23
🇨🇦 Japanese · Canada
673
-22
🇨🇦 Bulgarians · Canada
650
-21
feso
5:42 Loom
10:21 Feudal Age
11:26 Double-Bit Axe
15:03 Town Watch
15:13 Town Watch
16:07 Horse Collar
18:53 Castle Age
22:18 Bow Saw
24:32 Heavy Plow
26:35 Wheelbarrow
26:17 Light Cavalry
27:10 Bloodlines
27:03 Husbandry
28:34 Forging
28:31 Scale Barding Armor
29:44 Gold Mining
29:45 Stone Mining
32:27 Forging
32:39 Kshatriyas
33:42 Town Patrol
67676767676767676767676767676767
0:27 Loom
12:07 Feudal Age
18:43 Castle Age
17:39 Arson
18:16 Forging
19:39 Iron Casting
19:06 Squires
28:35 Imperial Age
29:22 Blast Furnace
Troy 809
3:43 Loom
12:55 Feudal Age
14:18 Double-Bit Axe
14:15 Horse Collar
17:21 Padded Archer Armor
17:12 Fletching
17:29 Town Watch
23:12 Castle Age
24:47 Thumb Ring
25:39 Crossbowman
28:58 Squires
29:10 Man-at-Arms
29:35 Gambesons
30:27 Long Swordsman
Thugger
10:06 Loom
11:54 Feudal Age
12:40 Horse Collar
14:29 Gold Mining
20:41 Loom
23:01 Castle Age
22:01 Arson
22:47 Forging
22:39 Scale Mail Armor
31:26 Imperial Age
30:37 Squires
Connection lost

Rejoining the realm…

Still unreachable

The connection could not be restored.

Session expired

The server has moved on; the page needs a fresh start.